 Dungeon Crawl Stone Soup version 0.28-a0-500-g121bc3e445 (webtiles) character file.

Game seed: 14745369908600983450

54 avis the Insei (level 3, 0/24 HPs)
             Began as an Octopode Transmuter on Sept 19, 2021.
             Succumbed to a goblin's poison
             ... on level 1 of the Dungeon.
             The game lasted 00:08:53 (1988 turns).

avis the Insei (Octopode Transmuter)                Turns: 1988, Time: 00:08:54

Health: 0/24       AC:  1    Str: 10    XL:     3   Next: 91%
Magic:  4/6        EV: 13    Int: 15    God:
Gold:   49         SH:  0    Dex: 12    Spells: 2/6 levels left

rFire   . . .      SeeInvis .     - Unarmed
rCold   . . .      Faith    .   (no shield)
rNeg    . . .      Spirit   .   (helmet restricted)
rPois   .          Reflect  .   (no amulet)
rElec   .          Harm     .   (no ring)
rCorr   .          Rampage  .   (no ring)
Will    .....                   (no ring)
Stlth   +++.......              (no ring)
HPRegen 0.08/turn               (no ring)
MPRegen 0.10/turn               (no ring)
                                (no ring)
                                (no ring)

@: lethally poisoned (0 -> -5)
A: almost no armour, amphibious, 8 rings, camouflage 1, gelatinous body 1,
(nimble swimmer 1), tentacles
a: no special abilities


You were on level 1 of the Dungeon.
You visited 1 branch of the dungeon, and saw 2 of its levels.

You collected 49 gold pieces.

Inventory:

Missiles
 d - 24 sling bullets
 e - 42 stones
 g - 18 arrows
Scrolls
 a - 4 scrolls of identify {unknown}
 c - 2 scrolls of enchant armour {unknown}
 f - 2 scrolls of blinking {unknown}
 h - 2 scrolls of teleportation {unknown}


   Skills:
 - Level 2.0 Fighting
 - Level 2.0 Dodging
 - Level 3.0 Stealth
 - Level 3.0 Unarmed Combat
 - Level 2.0 Spellcasting
 - Level 2.0 Transmutations
 + Level 2.2 Poison Magic


You had 2 spell levels left.
You knew the following spells:

 Your Spells              Type           Power      Damage    Failure   Level
a - Beastly Appendage     Tmut           14%        N/A       10%         1
p - Spider Form           Tmut/Pois      3%         N/A       28%         3

Your spell library contained the following spells:

 Spells                   Type           Power      Damage    Failure   Level
 Wereblood                Tmut           7%         N/A       14%         2
 Ice Form                 Ice/Tmut       4%         N/A       82%         4


Dungeon Overview and Level Annotations

Branches:
Dungeon (2/15)

Altars:
Uskayaw

Annotations:
D:2 Robin


Innate Abilities, Weirdness & Mutations

You cannot wear most types of armour.
You are amphibious.
You can wear up to eight rings at the same time.
Your skin changes colour to match your surroundings (Stealth+).
Your rubbery body absorbs attacks. (AC +1, EV +1)
((You are camouflaged near water. (Stealth+)))
You have tentacles for arms and can constrict up to eight enemies at once.


Message History

Magic restored.
Casting: Spider Form (extremely dangerous; 28% risk of failure)
Confirm with . or Enter, or press ? or * to list all spells.
The spell is extremely dangerous to cast (28% risk of failure)!
Continue anyway?
You turn into a venomous arachnid creature.
You climb downwards.
Level annotation: Robin Your transformation is almost over.
The goblin barely misses you.
The goblin hits you with a +0 dagger of venom.
You are lethally poisoned!
There is a stone staircase leading up here.
You bite the goblin!
You kill the goblin!
You feel very sick.
You hit the goblin.
The goblin is poisoned.
The goblin is heavily wounded.
You feel very sick. The goblin hits you with a +0 dagger.
Robin roars a battlecry!
The goblins go into a battle-frenzy!
You hit the goblin but do no damage.
The goblin is heavily wounded.
You feel very sick.
You kill the goblin!
You feel sick. The goblin closely misses you.
You climb upwards.
* * * LOW HITPOINT WARNING * * *
You feel very sick.
There is a stone staircase leading down here.
You hit the goblin.
The goblin is poisoned.
The goblin is heavily wounded.
* * * LOW HITPOINT WARNING * * *
You feel sick. The goblin hits you with a +0 dagger.
* * * LOW HITPOINT WARNING * * *
It was a potion of cancellation.
Your magical effects are unravelling.
You feel magically purged.
Your transformation has ended.
You die...

##.##
#.#.#.............
#..#
#.#.###.....######
## ##.## #.#.#
#.....# .# #..#
#.#.# #.....# .#
##.###.#.# #.....#
.# #..##.#.#
#.....# .#
##.##.#.# #.....#
.# #..#g#.#
####### .#
##.#@..# .#
#...### .# #####
†# .# .# .# ##


You could see a goblin (strong, very poisoned).

Vanquished Creatures
  An adder (D:2)
  A worm (D:2)
  A dart slug (D:1)
  7 ball pythons (D:1)
  3 bats (D:1)
  3 endoplasms (D:1)
  2 giant cockroaches (D:1)
  8 goblins
  5 hobgoblins
  2 frilled lizards (D:1)
  A kobold (D:1)
  3 rats
37 creatures vanquished.

Notes
Turn   | Place    | Note
-------+----------+-------------------------------------------
     0 | D:1      | avis the Octopode Transmuter began the quest for the Orb.
     0 | D:1      | Reached XP level 1. HP: 13/13 MP: 3/3
   363 | D:1      | Reached XP level 2. HP: 19/19 MP: 5/5
   443 | D:1      | Reached skill level 1 in Stealth
   784 | D:1      | Reached XP level 3. HP: 9/24 MP: 4/6
   968 | D:1      | Learned a level 3 spell: Spider Form
  1430 | D:2      | Reached skill level 1 in Poison Magic
  1481 | D:2      | Found a hide-covered altar of Uskayaw.
  1652 | D:2      | Noticed Robin
  1987 | D:1      | HP: 1/24 [goblin (3)]
  1988 | D:1      | Succumbed to a goblin's poison

Illustrated notes

Levels and vault maps discovered:
D:1:      dpeg_arrival_three_bigger_balls, layout_basic
D:2:      layout_loops_ring, basic_altar,
          shapermc_ecumenical_altar_mp_ritualfount, minmay_tetromino_o4,
          uniq_robin, uniq_crazy_yiuf_cottage

Skill      XL: |  1  2  3 |
---------------+----------+-----
Fighting       | 2 |  2.0
Stealth        | 2 3 |  3.0
Poison Magic   | 2 |  2.2
Dodging        | |  2.0
Unarmed Combat | |  3.0
Spellcasting   | |  2.0
Transmutations | |  2.0

Action                   || total
-------------------------++-------
Melee: Unarmed           ||    69
       Tentacles         ||     7
       Constrict         ||    11
       Kick              ||     7
 Cast: Beastly Appendage ||    21
       Spider Form       ||     9
  Use: Potion            ||     1
 Stab: Sleeping          ||    10
Armor: Skin              ||     3
Dodge: Dodged            ||    35

Table legend: (Time is in decaauts)
 A = Elapsed time spent in this place.
 B = Non-inter-level travel time spent in this place.
 C = Inter-level travel time spent in this place.
 D = Time resting spent in this place.
 E = Time spent auto-exploring this place.
 F = Levels seen in this place.
 G = Mean time per level.
                   A        B        C        D        E       F      G
               +--------+--------+--------+--------+--------+-----+--------+
         Total |   1989 |   1892 |     97 |    867 |    577 |   2 |  994.5 |
       Dungeon |   1989 |   1892 |     97 |    867 |    577 |   2 |  994.5 |
               +--------+--------+--------+--------+--------+-----+--------+

Top non-repeatable levels by time:
     D:1: 1873 daAuts
     D:2: 115 daAuts
